 Dungeon Crawl Stone Soup version 0.28-a0-1312-g71652a0310 (webtiles) character file.

Game seed: 13714864322090807466

3549 bande the Cleaver (level 10, -7/60 HPs)
             Began as a Gargoyle Fighter on Dec 28, 2021.
             Was a Follower of Okawaru.
             Mangled by a yak (12 damage)
             ... on level 7 of the Dungeon.
             The game lasted 00:16:39 (8827 turns).

bande the Cleaver (Gargoyle Fighter)                Turns: 8827, Time: 00:16:39

Health: -7/60      AC: 17    Str: 21    XL:     10   Next: 9%
Magic:  11/11      EV:  8    Int: 10    God:    Okawaru [*.....]
Gold:   263        SH:  5    Dex: 13    Spells: 9/9 levels left

rFire   + + .      SeeInvis .   e - +1 broad axe (vamp)
rCold   + . .      Faith    .   c - +0 buckler
rNeg    + . .      Spirit   .   l - +0 chain mail
rPois   ∞          Reflect  .   (no helmet)
rElec   +          Harm     .   t - scarf {rC+ rF+}
rCorr   .          Rampage  .   (no gloves)
Will    .....                   (no boots)
Stlth   ..........              (no amulet)
HPRegen 0.20/turn               j - ring of protection from fire
MPRegen 0.12/turn               (no ring)

@: no status effects
A: sickness immunity, AC +7, negative energy resistance 1, electricity
resistance, torment resistance 1, petrification resistance, clever 1, mutation
resistance 1
a: Renounce Religion, Heroism


You were on level 7 of the Dungeon.
You worshipped Okawaru.
Okawaru was aware of your devotion.
You visited 2 branches of the dungeon, and saw 8 of its levels.

You collected 408 gold pieces.
You spent 145 gold pieces at shops.

Inventory:

Hand Weapons
 e - a +1 vampiric broad axe (weapon)
 v - a +2 war axe of flaming
Armour
 c - a +0 buckler (worn)
 l - a +0 chain mail (worn)
 t - a scarf of resistance (worn)
Jewellery
 a - a ring of fire
 f - the amulet of the Saviour {Acrobat Str+3}
   (You bought it in a shop on level 2 of the Dungeon)

   [amulet of the acrobat]

   It increases your evasion while moving and waiting.
   Str:       It affects your strength (+3).
 j - a ring of protection from fire (left hand)
 m - a ring of positive energy
 r - a +6 ring of intelligence
 s - a ring of flight
 z - a ring of resist corrosion
Wands
 b - a wand of iceblast (18)
 y - a wand of polymorph (7)
Scrolls
 o - 2 scrolls of fog
 u - 3 scrolls of teleportation
 w - a scroll of brand weapon
Potions
 d - 2 potions of curing
 g - a potion of ambrosia {unknown}
 h - a potion of haste
 i - 2 potions of might
 k - a potion of cancellation {unknown}
 n - a potion of mutation
 p - a potion of resistance {unknown}
 q - a potion of berserk rage {unknown}


   Skills:
 + Level 6.1 Fighting
 + Level 9.0 Axes
 + Level 7.4 Armour
 - Level 0.6 Stealth
 + Level 5.7 Shields
 * Level 2.6 Invocations
 * Level 4.1 Evocations


You had 9 spell levels left.
You didn't know any spells.
Your spell library contained the following spells:

 Spells                   Type           Power      Damage    Failure   Level
 Confusing Touch          Hex            0%         N/A       100%        3
 Yara's Violent Unravell  Hex/Tmut       0%         3d3       100%        5
 Enfeeble                 Hex            0%         N/A       100%        7


Dungeon Overview and Level Annotations

Branches:
Dungeon (7/15)             Temple (1/1) D:6

Altars:
Makhleb
Okawaru
Ru
Vehumet
Wu Jian
Xom
Yredelemnul
The Shining One

Shops:
D:2 [*((*

Annotations:
D:7 2 transporters, Grum; bearlyready's ghost, novice MiCA


Innate Abilities, Weirdness & Mutations

You are immune to sickness and miasma.
Your stone body is resilient. (AC +7)
You are immune to poison.
You resist negative energy. (rN+)
You are resistant to electric shocks. (rElec)
You are resistant to unholy torment.
You are immune to petrification.
Your mind is acute. (Int +2)
You are somewhat resistant to further mutation.


Message History

You hit the yak.
The yak is heavily wounded.
You slash the yak! You barely miss the yak. The yak gores you.
The yak gores you! x2; The yak gores you.
The yak gores you but does no damage.
You slash the yak!
The yak is severely wounded.
You barely miss the yak. x2; The yak gores you. x2
* * * LOW HITPOINT WARNING * * *
You block the yak's attack. The yak gores you.
* * * LOW HITPOINT WARNING * * *
Unknown command.
You barely miss the yak.
The yak is severely wounded.
You hit the yak but do no damage. You hit the yak. The yak gores you.
* * * LOW HITPOINT WARNING * * *
The yak gores you.
* * * LOW HITPOINT WARNING * * *
The yak gores you.
* * * LOW HITPOINT WARNING * * *
You feel better. The yak gores you but does no damage. The yak gores you!
* * * LOW HITPOINT WARNING * * *
The yak gores you but does no damage.
You feel much better. The yak closely misses you.
The yak gores you but does no damage. x2
You closely miss the yak.
The yak is severely wounded.
You slash the yak! You hit the yak but do no damage. The yak gores you!
* * * LOW HITPOINT WARNING * * *
The yak gores you but does no damage. You block the yak's attack.
Unknown command.
You slice the yak!!
You kill the yak!
Okawaru accepts your kill.
You hit the yak but do no damage. You slash the yak!
You feel better. The yak gores you!
* * * LOW HITPOINT WARNING * * *
The yak closely misses you.
Your Axes skill increases to level 9!
The yak gores you!
You die...

##.......#####
#...###...... .
##....###.... ..###
#............
....####..##........
........#####.....# #
###.....##........#
##..##Y............#..#
#.....@.......[.#####..
#.....Y####...### #..
...###### #.### ##. #
##..# ##>..## ##.....##
##.##....# ##.####...#
#.## ##..#


You could see 2 yaks.

Vanquished Creatures
  A two-headed ogre (D:5)
  Grinder (D:3)
  Sigmund (D:2)
  4 yaks (D:7)
  A steam dragon (D:7)
  Edmund (D:6)
  2 sky beasts (D:7)
  3 necrophages
  An ogre (D:4)
  2 centaurs
  4 bullfrogs
  Blork the orc (D:6)
  A scorpion (D:7)
  3 wyvern skeletons
  A centaur zombie (D:7)
  An orc priest (D:5)
  A hound (D:5)
  A gnoll shaman (D:4)
  Jessica (D:3)
  Natasha (thrice) (D:2)
  3 iguanas
  An orc wizard (D:5)
  A killer bee zombie (D:6)
  7 adders
  3 gnolls (D:3)
  A white imp (D:7)
  3 ufetubi
  4 worms
  5 dart slugs
  8 orcs
  7 bats
  9 endoplasms
  4 giant cockroaches
  5 goblins
  9 hobgoblins
  2 jackals (D:2)
  6 kobolds
  3 quokkas
  9 ball pythons
  2 frilled lizards
  5 rats
131 creatures vanquished.

Vanquished Creatures (others)
  2 fungi (D:3)
  8 plants
10 creatures vanquished.

Grand Total: 141 creatures vanquished

Notes
Turn   | Place    | Note
-------+----------+-------------------------------------------
     0 | D:1      | bande the Gargoyle Fighter began the quest for the Orb.
     0 | D:1      | Reached XP level 1. HP: 14/14 MP: 1/1
   386 | D:1      | Reached skill level 2 in Axes
   386 | D:1      | Reached XP level 2. HP: 19/19 MP: 2/2
   797 | D:1      | Reached XP level 3. HP: 23/23 MP: 3/3
   849 | D:1      | Found a faded altar of an unknown god.
  1516 | D:2      | Found Winemuqy's Armour Boutique.
  1518 | D:2      | Noticed Sigmund
  1520 | D:2      | Reached XP level 4. HP: 28/28 MP: 4/4
  1532 | D:2      | Killed Sigmund
  1533 | D:2      | Reached skill level 4 in Axes
  1533 | D:2      | Reached XP level 5. HP: 6/33 MP: 5/5
  2021 | D:2      | Noticed Natasha
  2040 | D:2      | Killed Natasha
  2041 | D:2      | Reached XP level 6. HP: 8/38 MP: 6/6
  2327 | D:2      | Noticed Natasha
  2343 | D:2      | Killed Natasha
  2579 | D:2      | Found Jegop's General Store.
  2591 | D:2      | Found Oshrueph's Weapon Shoppe.
  2735 | D:2      | Found Derydd's Assorted Antiques.
  2857 | D:2      | Found Hokluicry's Weapon Emporium.
  3044 | D:2      | Noticed Natasha
  3052 | D:2      | Killed Natasha
  3321 | D:3      | Noticed Grinder
  3347 | D:3      | Killed Grinder
  3348 | D:3      | Reached skill level 5 in Axes
  3348 | D:3      | Reached skill level 5 in Armour
  3348 | D:3      | Reached XP level 7. HP: 21/44 MP: 7/7
  3758 | D:3      | Noticed Jessica
  3762 | D:3      | Killed Jessica
  4404 | D:3      | Found a sacrificial altar of Ru.
  5033 | D:2      | Bought a clouded jade amulet for 145 gold pieces
  5033 | D:2      | Identified the amulet of the Saviour {Acrobat Str+3} (You
                  | bought it in a shop on level 2 of the Dungeon)
  5852 | D:4      | Reached skill level 6 in Axes
  5852 | D:4      | Reached XP level 8. HP: 43/48 MP: 8/8
  6085 | D:5      | Entered Level 5 of the Dungeon
  6126 | D:5      | Found a shimmering altar of Xom.
  6421 | D:5      | Reached skill level 1 in Evocations
  6660 | D:5      | Reached skill level 5 in Fighting
  6859 | D:6      | Noticed Edmund
  6864 | D:6      | Noticed Blork the orc
  6870 | D:6      | Killed Edmund
  6880 | D:6      | Killed Blork the orc
  6881 | D:6      | Reached skill level 7 in Axes
  6881 | D:6      | Noticed a two-headed ogre
  6960 | D:5      | Killed a two-headed ogre
  6961 | D:5      | Reached skill level 5 in Shields
  6961 | D:5      | Reached XP level 9. HP: 39/54 MP: 9/9
  7507 | D:6      | Reached skill level 8 in Axes
  7657 | D:6      | Found a staircase to the Ecumenical Temple.
  8063 | Temple   | Entered the Ecumenical Temple
  8068 | Temple   | Became a worshipper of Warmaster Okawaru
  8145 | D:7      | Found a transporter.
  8146 | D:7      | Noticed Grum
  8296 | D:7      | Found a transporter.
  8323 | D:7      | Noticed bearlyready's ghost (novice MiCA)
  8387 | D:7      | Identified the amulet "Gikk" {RegenMP Str+5}
  8444 | D:7      | Reached skill level 1 in Invocations
  8465 | D:7      | Gained mutation: Your mind is acute. (Int +2) [potion of
                  | mutation]
  8465 | D:7      | Gained mutation: You are somewhat resistant to further
                  | mutation. [potion of mutation]
  8816 | D:7      | Reached * piety under Okawaru
  8817 | D:7      | Reached XP level 10. HP: 37/60 MP: 11/11
  8827 | D:7      | Reached skill level 9 in Axes
  8827 | D:7      | Mangled by a yak

Illustrated notes

Levels and vault maps discovered:
D:1:      sevenhm_arrival_forest_fort_small_5, layout_basic,
          shapermc_ecumenical_altar_mp_urbaneastern, chequers_big_river
D:2:      layout_loops_ring, serial_shops, shop_statue,
          nicolae_shop_advertising_works [nicolae_subvault_shop_adworks], shop,
          nicolae_shop_bloodbath_and_beyond, shop_statue,
          lightli_corner_chamber, uniq_natasha, uniq_sigmund
D:3:      layout_basic, nicolae_ru_the_path_less_chosen,
          minmay_fractal_squares_5, uniq_grinder, uniq_jessica
D:4:      layout_basic
D:5:      layout_rooms, nicolae_overflow_crystal_walls
D:6:      nicolae_cairo_tiling_large, layout_cave_pools,
          minmay_temple_entry_antechambers, minivault_23, minivault_25,
          uniq_edmund, uniq_blork_the_orc
D:7:      minmay_the_grid_triangle_9x9_rhombus_full
          [minmay_the_grid_triangle_9x9_longest,
          minmay_the_grid_triangle_9x9_thin_v,
          minmay_the_grid_triangle_9x9_alien,
          minmay_the_grid_triangle_9x9_flanged_cone,
          minmay_the_grid_triangle_9x9_semitri,
          minmay_the_grid_triangle_9x9_cache,
          minmay_the_grid_triangle_9x9_limited_checkers,
          minmay_the_grid_triangle_9x9_prize_top_heavy], layout_layer_cave,
          gammafunk_ghost_gnarly_gnolls
Temple:   regret_index_temple_chain_breaker

Skill      XL: |  1  2  3  4  5  6  7  8  9 10 |
---------------+-------------------------------+-----
Axes           | 2 4 5 6 7 8 9 |  9.0
Fighting       | 4 5 6 |  6.1
Armour         | 4 5 6 7 |  7.4
Shields        | 4 5 |  5.7
Evocations     | 3 4 |  4.1
Invocations    | 2 |  2.6
Stealth        | |  0.6

Action                   |  1- 3 |  4- 6 |  7- 9 | 10-12 || total
-------------------------+-------+-------+-------+-------++-------
Melee: War axe           |    72 |    96 |   212 |       ||   380
       Broad axe         |       |       |    80 |     8 ||    88
  Use: Scroll            |     2 |       |    11 |       ||    13
       Potion            |       |     1 |     2 |     2 ||     5
Armor: Scale mail        |    35 |    40 |       |       ||    75
       Chain mail        |       |       |   191 |    10 ||   201
Dodge: Dodged            |    24 |    37 |   122 |     4 ||   187
Block: Buckler           |    14 |    19 |    97 |     5 ||   135

Table legend: (Time is in decaauts)
 A = Elapsed time spent in this place.
 B = Non-inter-level travel time spent in this place.
 C = Inter-level travel time spent in this place.
 D = Time resting spent in this place.
 E = Time spent auto-exploring this place.
 F = Levels seen in this place.
 G = Mean time per level.
                   A        B        C        D        E       F      G
               +--------+--------+--------+--------+--------+-----+--------+
         Total |   8992 |   8724 |    268 |   2765 |   4538 |   8 | 1124.0 |
       Dungeon |   8980 |   8712 |    268 |   2765 |   4538 |   7 | 1282.9 |
        Temple |     11 |     11 |      0 |      0 |      0 |   1 |   11.0 |
               +--------+--------+--------+--------+--------+-----+--------+

Top non-repeatable levels by time:
     D:2: 2049 daAuts
     D:4: 1456 daAuts
     D:1: 1419 daAuts
     D:3: 1289 daAuts
     D:5: 1244 daAuts
     D:6: 769 daAuts
     D:7: 751 daAuts
  Temple: 11 daAuts
